[Event "January 2 Late 2024"]
[Site "https://www.chess.com"]
[Date "2024.01.02"]
[Round "8"]
[White "Ambrogi, Agustin"]
[Black "Curtis, John"]
[Result "0-1"]
[Board "144"]
[TimeControl "180+1"]
[WhiteFideId "170933"]
[BlackFideId "3200256"]
[WhiteElo "2399"]
[BlackElo "2227"]
[WhiteTeam "ARG"]
[BlackTeam "AUS"]
[WhiteClock "0:00:25"]
[BlackClock "0:00:03"]

1. e4 d6 2. Nc3 c5 3. f4 e6 4. Nf3 Nf6 5. Bb5+ Bd7 6. e5 Nd5 7. Nxd5 Bxb5 8. Nc3 Bc6 9. O-O Nd7 10. d3 Qc7 11. Qe2 d5 12. f5 Be7 13. fxe6 fxe6 14. Bg5 Bxg5 15. Nxg5 Qxe5 16. Qh5+ g6 17. Qh6 O-O-O 18. Nf7 Qd4+ 19. Kh1 Rhf8 20. Nxd8 Rxf1+ 21. Rxf1 Kxd8 22. Qxh7 Qg4 23. h3 Qg5 24. Qg8+ Ke7 25. Qf7+ Kd6 26. Qf4+ Qxf4 27. Rxf4 b5 28. Rg4 Ne5 29. Rg5 b4 30. Ne2 a5 31. Nf4 Be8 32. h4 a4 33. Kg1 c4 34. d4 Nc6 35. c3 a3 36. bxa3 bxc3 37. Ne2 c2 38. Kf2 Nxd4 39. Nc1 e5 40. g4 Ne6 41. Ke3 Nxg5 42. hxg5 d4+ 43. Kd2 d3 44. a4 Bxa4 45. a3 Kd5 46. Na2 Kd4 47. Nb4 e4 0-1

[Event "January 2 Late 2024"]
[Site "https://www.chess.com"]
[Date "2024.01.02"]
[Round "8"]
[White "Yushko, Olga"]
[Black "Esmeraldas Huachi, Anderson"]
[Result "0-1"]
[Board "145"]
[TimeControl "180+1"]
[WhiteFideId "14114500"]
[BlackFideId "3616363"]
[WhiteElo "2206"]
[BlackElo "2394"]
[WhiteTeam "UKR"]
[BlackTeam "ECU"]
[WhiteClock "0:00:08"]
[BlackClock "0:01:05"]

1. d4 d5 2. c4 dxc4 3. e3 Nf6 4. Bxc4 a6 5. Nf3 e6 6. O-O c5 7. Nc3 b5 8. Be2 Bb7 9. dxc5 Qxd1 10. Rxd1 Bxc5 11. b3 Nbd7 12. Bb2 O-O 13. h3 Rac8 14. Rac1 Rfd8 15. Ne1 Kf8 16. Nd3 Be7 17. Bf3 Bxf3 18. gxf3 Nb6 19. Ne2 Nfd5 20. Nd4 Rxc1 21. Rxc1 Rc8 22. Rxc8+ Nxc8 23. Nc6 Bd6 24. e4 Nf4 25. Nxf4 Bxf4 26. Kf1 g6 27. Ke2 Ke8 28. Kd3 Kd7 29. Nb4 a5 30. Nc2 Kc6 31. Bc3 Kb6 32. Bd4+ Kc6 33. Bc3 Kb6 34. Bd4+ Ka6 35. Bc5 Bd6 36. Be3 Ne7 37. Nd4 Bc7 38. Bg5 Nc8 39. a4 bxa4 40. bxa4 Bb6 41. Nc6 Bc7 42. Kc4 Nb6+ 43. Kb3 Nd7 44. Nd4 Nc5+ 45. Ka3 Bd6 46. Ka2 Nxa4 47. Nc6 Bc7 48. Be7 Kb5 49. Nd4+ Kc4 50. Nc6 Nc3+ 51. Kb2 Nd1+ 52. Kc2 Nxf2 53. h4 a4 54. Kd2 Nd3 55. Kc2 Ne1+ 56. Kd2 Nxf3+ 57. Ke3 Ne5 58. Nd8 Bxd8 59. Bxd8 a3 60. Bf6 Ng4+ 0-1

[Event "January 2 Late 2024"]
[Site "https://www.chess.com"]
[Date "2024.01.02"]
[Round "8"]
[White "MiguelEduardoGB"]
[Black "Sokolov, Andrei"]
[Result "1/2-1/2"]
[Board "146"]
[TimeControl "180+1"]
[BlackFideId "11600306"]
[WhiteElo "2202"]
[BlackElo "2356"]
[BlackTeam "LAT"]
[WhiteClock "0:00:12"]
[BlackClock "0:00:07"]

1. b3 d5 2. Bb2 c5 3. Nf3 Nf6 4. e3 Nc6 5. Bb5 a6 6. Bxc6+ bxc6 7. O-O Bg4 8. d3 e6 9. Nbd2 Bd6 10. Qe1 O-O 11. Ne5 Qc7 12. f4 Bh5 13. Ndf3 Bxf3 14. Rxf3 Nd7 15. Qg3 f6 16. Nxd7 Qxd7 17. Qh3 Qe7 18. Kh1 e5 19. Raf1 e4 20. Rg3 a5 21. a4 exd3 22. cxd3 Rab8 23. Qf5 Rxb3 24. Ba1 Qf7 25. h4 Rb7 26. h5 h6 27. Rg6 Qd7 28. e4 Qxf5 29. exf5 Kh7 30. Rf3 Re7 31. Rfg3 Rfe8 32. Kh2 Rd7 33. Bc3 Bf8 34. Bxa5 Ra8 35. Bc3 Rxa4 36. Bd2 Ra3 37. Bc1 Rb3 38. Re3 Re7 39. Reg3 c4 40. dxc4 Rxg3 41. Rxg3 dxc4 42. Rc3 Re4 43. Kg3 Bb4 44. Rc2 c3 45. Kf3 Rc4 46. Ke3 Bc5+ 47. Kd3 Ra4 48. Kxc3 Bd4+ 49. Kd3 c5 50. Bd2 Ra6 51. Kc4 Ra4+ 52. Kd5 Ra1 53. Bc1 Ra7 54. Bd2 Rd7+ 55. Kc4 Re7 56. Bc3 Re4 57. Bxd4 cxd4 58. Kd3 Rxf4 59. Rc5 Rg4 60. Rd5 Rxg2 61. Kxd4 Rg5 62. Ke4 Rxh5 63. Kf4 Rh4+ 64. Kg3 Ra4 65. Rc5 Ra3+ 66. Kg4 Ra4+ 67. Kh5 Ra1 68. Rc7 Rh1+ 69. Kg4 h5+ 70. Kg3 h4+ 71. Kg2 Rb1 72. Rc4 Rb2+ 73. Kh3 Rb3+ 74. Kxh4 Rf3 75. Kg4 Rf1 76. Rc7 Kh6 77. Rc8 Rg1+ 78. Kf4 Kh7 79. Rc7 Rg5 80. Rd7 Kg8 81. Rc7 Kh7 82. Rd7 Rh5 83. Rd8 Rh4+ 84. Kg3 Ra4 85. Rd5 Kh6 86. Rc5 Kg5 87. Kf3 Ra3+ 88. Kg2 Ra2+ 89. Kg3 Ra3+ 90. Kg2 Re3 91. Rc7 Kxf5 92. Rxg7 Re2+ 93. Kf3 Re5 94. Rg8 Ke6 95. Kf4 Ra5 96. Re8+ Kf7 97. Rc8 Kg6 98. Rg8+ Kf7 99. Rc8 Ra4+ 100. Kf5 Ra1 101. Rc7+ Kf8 102. Kxf6 Rf1+ 103. Ke5 Re1+ 104. Kd6 Rd1+ 105. Kc6 Rc1+ 106. Kb7 Rxc7+ 107. Kxc7 1/2-1/2

[Event "January 2 Late 2024"]
[Site "https://www.chess.com"]
[Date "2024.01.02"]
[Round "8"]
[White "Korol, Dimitry"]
[Black "Montano Vicente, Guadalupe"]
[Result "1/2-1/2"]
[Board "147"]
[TimeControl "180+1"]
[WhiteFideId "14108003"]
[BlackFideId "5181399"]
[WhiteElo "2337"]
[BlackElo "2168"]
[WhiteTeam "UKR"]
[BlackTeam "MEX"]
[WhiteClock "0:00:02"]
[BlackClock "0:00:20"]

1. d4 Nf6 2. c4 g6 3. Nc3 Bg7 4. e4 O-O 5. Nf3 d6 6. Be2 Nbd7 7. O-O e5 8. Re1 exd4 9. Nxd4 Re8 10. f3 c6 11. Bf1 Nb6 12. Bg5 h6 13. Be3 d5 14. exd5 cxd5 15. c5 Nc4 16. Bxc4 dxc4 17. Qd2 h5 18. Rad1 Qa5 19. Ndb5 Be6 20. Nd6 Reb8 21. Bd4 Ne8 22. Nxe8 Rxe8 23. Bxg7 Kxg7 24. Qd4+ Kg8 25. Ne4 Red8 26. Qe5 Rxd1 27. Rxd1 Rc8 28. Nf6+ Kf8 29. Nh7+ Ke8 30. Nf6+ Kf8 31. Nh7+ Ke8 32. Nf6+ Kf8 1/2-1/2

[Event "January 2 Late 2024"]
[Site "https://www.chess.com"]
[Date "2024.01.02"]
[Round "8"]
[White "Mazzilli, Piero"]
[Black "Burke, Paul"]
[Result "1-0"]
[Board "148"]
[TimeControl "180+1"]
[WhiteFideId "807087"]
[BlackFideId "2605767"]
[WhiteElo "2336"]
[BlackElo "1946"]
[WhiteTeam "ITA"]
[BlackTeam "CAN"]
[WhiteClock "0:00:11"]
[BlackClock "0:00:00"]

1. e4 e5 2. Nc3 Nc6 3. Nf3 Be7 4. d3 d6 5. g3 Nf6 6. Bg2 O-O 7. O-O h6 8. h3 Be6 9. Re1 Qd7 10. Kh2 Nd4 11. Nxd4 exd4 12. Ne2 c5 13. f4 Qc7 14. Ng1 d5 15. e5 Nd7 16. Nf3 Rae8 17. Qd2 Nb6 18. Qf2 Bd7 19. Kh1 Qc8 20. g4 h5 21. f5 Bxf5 22. gxf5 Qxf5 23. Qg3 Bd8 24. Qf4 Qg6 25. Bd2 Re6 26. Rg1 Qh7 27. Raf1 f6 28. Qg3 fxe5 29. Nxe5 Rxf1 30. Rxf1 Bc7 31. Ng6 Qxg6 32. Qxc7 Re2 33. Qd8+ Kh7 34. Qg5 Qxg5 35. Bxg5 Rxc2 36. Bd8 Rxb2 37. Bxb6 axb6 38. Bxd5 Rd2 39. Rg1 g6 40. Be4 Rxa2 41. Rxg6 Kh8 42. Rxb6 c4 43. dxc4 Ra1+ 44. Kg2 Rd1 45. Kf3 1-0

[Event "January 2 Late 2024"]
[Site "https://www.chess.com"]
[Date "2024.01.02"]
[Round "8"]
[White "Dias, Joao Batista"]
[Black "Kotlyar, Kirill"]
[Result "1-0"]
[Board "149"]
[TimeControl "180+1"]
[WhiteFideId "2108240"]
[BlackFideId "24145599"]
[WhiteElo "2016"]
[BlackElo "2520"]
[WhiteTeam "BRA"]
[BlackTeam "RUS"]
[WhiteClock "0:01:17"]
[BlackClock "0:00:00"]

1. e4 e5 2. Nf3 Nc6 3. d4 exd4 4. Nxd4 Nf6 5. Nxc6 bxc6 6. Bd3 d5 7. exd5 cxd5 8. O-O Be7 9. h3 O-O 10. b3 c6 11. Bb2 Re8 12. Nd2 Bd6 13. Re1 Be6 14. Qf3 h6 15. Bxf6 Qxf6 16. Qxf6 gxf6 17. Rad1 Bd7 18. c4 Rxe1+ 19. Rxe1 Bb4 20. Rd1 Be6 21. cxd5 cxd5 22. Nf3 Rc8 23. Nd4 Bc5 24. Nf5 h5 25. Kf1 Bb4 26. Ke2 Bxf5 27. Bxf5 Re8+ 28. Kd3 Bc5 29. Rc1 Bxf2 30. Rf1 Be3 31. Rf3 d4 32. Be4 Kg7 33. Bd5 Rc8 34. Bc4 Rc5 35. a4 h4 36. g3 Rh5 37. g4 Rg5 38. Ke4 Re5+ 39. Kd3 Kg6 40. b4 Re7 41. Bd5 Rd7 42. Bc4 Rb7 43. b5 Rc7 44. a5 Rc5 45. Rf1 Rc8 46. Rf5 Rb8 47. Rd5 Bf2 48. Rd7 Be3 49. Rxa7 Kg5 50. Rxf7 Kf4 51. Rxf6+ Kg3 52. a6 Kxh3 53. a7 1-0

[Event "January 2 Late 2024"]
[Site "https://www.chess.com"]
[Date "2024.01.02"]
[Round "8"]
[White "Rangel, Daniel"]
[Black "Harish, Neeraj"]
[Result "1-0"]
[Board "150"]
[TimeControl "180+1"]
[WhiteFideId "2124475"]
[BlackFideId "30958130"]
[WhiteElo "2500"]
[BlackElo "2254"]
[WhiteTeam "BRA"]
[BlackTeam "USA"]
[WhiteClock "0:00:24"]
[BlackClock "0:00:01"]

1. d4 d5 2. c4 e6 3. Nc3 Nf6 4. cxd5 exd5 5. Bg5 Be7 6. e3 c6 7. Bd3 h6 8. Bh4 O-O 9. Nge2 Ne8 10. Bxe7 Qxe7 11. Qc2 Nd6 12. h3 Re8 13. O-O Nd7 14. Ng3 Nf6 15. Rae1 Nde4 16. Bxe4 Nxe4 17. Ncxe4 dxe4 18. f3 exf3 19. Rxf3 Be6 20. Nf5 Bxf5 21. Qxf5 Qe6 22. Qxe6 Rxe6 23. Kf2 Rae8 24. Rc1 g6 25. b4 a6 26. a4 f5 27. Rc5 Kg7 28. b5 axb5 29. axb5 cxb5 30. Rxb5 b6 31. Rb3 Ra8 32. Kg3 Kf6 33. Rf2 Rd8 34. Rfb2 Rdd6 35. Kf3 g5 36. g3 h5 37. h4 g4+ 38. Kf2 Ke7 39. Rb5 Rf6 40. Re5+ Rde6 41. Rbb5 Rxe5 42. Rxe5+ Kd6 43. Ke2 Kc6 44. Kd3 Kd6 45. Kc4 Kc6 46. Kb4 Rf8 47. Re6+ Kd5 48. Re5+ Kc6 49. Kc4 Rf6 50. d5+ Kd6 51. Re8 Kc7 52. Kd4 Kd6 53. Rc8 Rf7 54. Rc6+ Kd7 55. Rxb6 Rf8 56. Rh6 Re8 57. Rh7+ Kd6 58. Rh6+ Kd7 59. Rxh5 Re4+ 60. Kd3 Re5 61. Rh7+ Kd6 62. Ra7 Rxd5+ 63. Ke2 Re5 64. Ra6+ Kd7 65. h5 Re8 66. Kd3 Ke7 67. h6 Kf7 68. h7 Kg7 69. Ra7+ Kh8 70. Rd7 Re4 71. Rd5 Kxh7 72. Rxf5 Ra4 73. Rf4 Ra3+ 74. Ke4 Ra4+ 75. Kf5 Ra5+ 76. Kxg4 Kg6 77. e4 Re5 78. Kf3 Kg5 79. Rf8 Ra5 80. Rg8+ Kf6 81. Kf4 Ra3 82. Rb8 Ra5 83. Rb6+ Ke7 84. g4 Kf7 85. g5 Ra1 86. g6+ Kg7 87. Kf5 Rf1+ 88. Ke5 Re1 89. Rc6 Re2 90. Rd6 Re1 91. Kd5 Rd1+ 92. Ke6 Re1 93. e5 Kxg6 94. Rd2 Ra1 95. Rg2+ Kh7 96. Kf7 Ra7+ 97. Kf6 Ra6+ 98. e6 Ra8 99. Kf7 Ra7+ 100. e7 Rb7 101. Rh2# 1-0

[Event "January 2 Late 2024"]
[Site "https://www.chess.com"]
[Date "2024.01.02"]
[Round "8"]
[White "Andersson, Bjorn 1971"]
[Black "Korpics, Zsolt"]
[Result "1-0"]
[Board "151"]
[TimeControl "180+1"]
[WhiteFideId "1702114"]
[BlackFideId "705241"]
[WhiteElo "2236"]
[BlackElo "2487"]
[WhiteTeam "SWE"]
[BlackTeam "HUN"]
[WhiteClock "0:00:45"]
[BlackClock "0:00:00"]

1. e4 c5 2. Nf3 e6 3. d4 cxd4 4. Nxd4 Nc6 5. Nc3 Qc7 6. Ndb5 Qb8 7. g3 a6 8. Nd4 Nf6 9. Bf4 e5 10. Nxc6 bxc6 11. Bc1 Bb4 12. Bg2 d5 13. O-O d4 14. Ne2 O-O 15. Bg5 Be7 16. b3 Qa7 17. Nc1 Bg4 18. Qe1 Rab8 19. Nd3 h6 20. Bd2 Nd7 21. f4 f6 22. f5 Nc5 23. Nf2 Bh5 24. g4 Bf7 25. h4 Nd7 26. g5 fxg5 27. hxg5 hxg5 28. Nd3 Bf6 29. Qg3 Nc5 30. Bxg5 Bxg5 31. Qxg5 Nxd3 32. cxd3 Be8 33. Rf3 Qf7 34. Rg3 Qf6 35. Qc1 Rc8 36. Qc5 Bf7 37. Rc1 Rfd8 38. Bf3 Qh4 39. Kf2 Qh2+ 40. Rg2 Qh4+ 41. Ke2 Qh6 42. Rf1 Qe3+ 43. Kd1 Qxd3+ 44. Kc1 Qxf1+ 45. Kb2 Qxf3 46. Rc2 d3 47. Rd2 Qxe4 48. Qe7 Qd4+ 49. Kb1 Qc3 50. Qg5 Qd4 51. f6 g6 52. Qh6 1-0

[Event "January 2 Late 2024"]
[Site "https://www.chess.com"]
[Date "2024.01.02"]
[Round "8"]
[White "Gaal, Zsoka"]
[Black "HouseOfDurin"]
[Result "1/2-1/2"]
[Board "152"]
[TimeControl "180+1"]
[WhiteFideId "777765"]
[WhiteElo "2463"]
[BlackElo "2233"]
[WhiteTeam "HUN"]
[WhiteClock "0:00:06"]
[BlackClock "0:00:05"]

1. g3 c5 2. Bg2 Nc6 3. b3 g6 4. Bb2 Nf6 5. Nf3 Bg7 6. O-O O-O 7. c4 d6 8. Nc3 e5 9. d3 h6 10. Ne1 Be6 11. Nc2 d5 12. cxd5 Nxd5 13. Nxd5 Bxd5 14. Bxd5 Qxd5 15. Ne3 Qe6 16. Rc1 b6 17. Nc4 Rad8 18. Qd2 f5 19. Qe3 Rfe8 20. Ba1 Nd4 21. Bxd4 exd4 22. Qxe6+ Rxe6 23. Rfe1 Rde8 24. Kf1 g5 25. a4 Be5 26. Rc2 Kg7 27. Ra1 Bc7 28. Na3 a5 29. Nc4 Kf6 30. f3 h5 31. Kf2 Rh8 32. h3 Ke7 33. Rg1 Kd7 34. Rg2 Kc6 35. Rc1 Rhe8 36. Kf1 g4 37. hxg4 fxg4 38. f4 h4 39. gxh4 Bxf4 40. Rc2 g3 41. Nd2 Bxd2 42. Rxd2 Re3 43. Rg1 Rf8+ 44. Kg2 Rf2+ 45. Kh3 Rh2+ 46. Kg4 g2 47. h5 Kd6 48. Rc2 Ke5 49. Rcc1 Rxe2 50. Rce1 Rxe1 51. Rxe1+ Kf6 52. Rg1 Kg7 53. Kg3 Rh1 54. Rxg2 Rxh5 55. Kf4+ Kf6 56. Ke4 Ke7 57. Rg6 Rh4+ 58. Kd5 Rh3 59. Kc4 Rh1 60. Rxb6 Rc1+ 61. Kd5 Rc3 62. Rb5 Kd7 63. Rxa5 Rxb3 64. Kc4 Rc3+ 65. Kd5 Rxd3 66. Rxc5 Ra3 67. Rc4 d3 68. Ke4 Kd6 69. Rd4+ Kc5 70. Rxd3 Rxd3 71. Kxd3 Kb4 72. Kd4 Kxa4 1/2-1/2

[Event "January 2 Late 2024"]
[Site "https://www.chess.com"]
[Date "2024.01.02"]
[Round "8"]
[White "Rose, Felix"]
[Black "Balla, Tamas-Kristof"]
[Result "0-1"]
[Board "153"]
[TimeControl "180+1"]
[WhiteFideId "5105722"]
[BlackFideId "1208497"]
[WhiteElo "2231"]
[BlackElo "2448"]
[WhiteTeam "MEX"]
[BlackTeam "ROU"]
[WhiteClock "0:00:10"]
[BlackClock "0:00:08"]

1. e4 c5 2. Nf3 Nc6 3. d4 cxd4 4. Nxd4 e5 5. Nb5 d6 6. N1c3 a6 7. Na3 b5 8. Nab1 Be7 9. Be2 Nf6 10. Bg5 O-O 11. Bxf6 Bxf6 12. Nd5 Bg5 13. a4 b4 14. c3 a5 15. Bb5 Bd7 16. O-O bxc3 17. Nbxc3 Nd4 18. Bxd7 Qxd7 19. Ne2 Ne6 20. Nb6 Qb7 21. Nxa8 Rxa8 22. Qxd6 Qxe4 23. Ng3 Qf4 24. Rfe1 Bf6 25. Nh5 Qg4 26. Nxf6+ gxf6 27. Re3 Nf4 28. Qc6 Rd8 29. Qf3 Qe6 30. g3 Nh3+ 31. Kg2 Ng5 32. Qh5 Qc6+ 33. Kg1 Qc2 34. Qg4 Kh8 35. h4 Ne6 36. Qf3 Qg6 37. Rd1 Nd4 38. Qe4 Qh5 39. Kg2 Qxd1 40. Rd3 Qxa4 41. Qg4 Qc6+ 42. Kh3 Qe6 43. Rxd4 Rxd4 0-1

[Event "January 2 Late 2024"]
[Site "https://www.chess.com"]
[Date "2024.01.02"]
[Round "8"]
[White "Skibbe, Willi"]
[Black "Negron Lizarazo, Juan Sebastian"]
[Result "1-0"]
[Board "155"]
[TimeControl "180+1"]
[WhiteFideId "4682190"]
[BlackFideId "3936910"]
[WhiteElo "2384"]
[BlackElo "2183"]
[WhiteTeam "GER"]
[BlackTeam "COL"]
[WhiteClock "0:00:27"]
[BlackClock "0:00:16"]

1. e4 c5 2. c3 d5 3. exd5 Qxd5 4. Nf3 Bg4 5. Na3 Nf6 6. Bc4 Qd8 7. Bxf7+ Kxf7 8. Ne5+ Kg8 9. Qb3+ e6 10. Nxg4 Qd6 11. Nb5 Qe7 12. Ne5 Na6 13. O-O g6 14. d4 Bg7 15. Bg5 h6 16. Nxg6 Qf7 17. Nxh8 Kxh8 18. Nd6 Qe7 19. Bxf6 Qxd6 20. Bxg7+ Kxg7 21. Qxb7+ Nc7 22. dxc5 Qxc5 23. Rad1 Rf8 24. Rd7+ Rf7 25. Rxf7+ Kxf7 26. Qf3+ Kg7 27. b4 Qd6 28. Qg3+ Qxg3 29. hxg3 Nd5 30. Rc1 a5 31. bxa5 Kf6 32. c4 Nc7 33. Rb1 Ke7 34. Rb7 Kd6 35. Rxc7 Kxc7 36. c5 Kc6 37. a6 1-0

[Event "January 2 Late 2024"]
[Site "https://www.chess.com"]
[Date "2024.01.02"]
[Round "8"]
[White "Novak, Ratko"]
[Black "Porat, Tori"]
[Result "0-1"]
[Board "156"]
[TimeControl "180+1"]
[WhiteFideId "14511827"]
[BlackFideId "30982626"]
[WhiteElo "2366"]
[BlackElo "2173"]
[WhiteTeam "CRO"]
[BlackTeam "USA"]
[WhiteClock "0:00:08"]
[BlackClock "0:00:12"]

1. d4 d5 2. c4 c6 3. cxd5 cxd5 4. Nc3 Nf6 5. f3 e6 6. e4 dxe4 7. fxe4 Bb4 8. Qd3 Nc6 9. Nf3 O-O 10. Bg5 h6 11. Bh4 Be7 12. Rd1 Nb4 13. Qb1 b6 14. a3 Nc6 15. Bb5 Bb7 16. O-O Ng4 17. Bxe7 Qxe7 18. Qc1 Rac8 19. e5 h5 20. Qf4 a6 21. Bd3 Na5 22. Ne4 Bd5 23. Nd6 Rc7 24. Bxa6 f6 25. Nh4 fxe5 26. Qxf8+ Qxf8 27. Rxf8+ Kxf8 28. Ng6+ Kg8 29. Nxe5 Nxe5 30. dxe5 Nb3 31. h3 Rc2 32. Bf1 Rxb2 33. Rd3 Nc5 34. Rg3 Rb1 35. Kf2 Rb2+ 36. Kg1 Rb1 37. Kf2 Rb2+ 38. Ke1 Rb1+ 39. Ke2 Rb2+ 40. Ke3 Rb3+ 41. Kf4 Rb1 42. Bc4 Bxc4 43. Nxc4 Rf1+ 44. Kg5 Rf5+ 45. Kg6 Nd7 46. Re3 Nf8# 0-1

[Event "January 2 Late 2024"]
[Site "https://www.chess.com"]
[Date "2024.01.02"]
[Round "8"]
[White "Ferriz Barrios, Andres"]
[Black "Pein, Jonathan"]
[Result "1-0"]
[Board "157"]
[TimeControl "180+1"]
[WhiteFideId "5104467"]
[BlackFideId "417092"]
[WhiteElo "2172"]
[BlackElo "2343"]
[WhiteTeam "MEX"]
[BlackTeam "ENG"]
[WhiteClock "0:02:09"]
[BlackClock "0:00:00"]

1. b3 d5 2. Bb2 Nf6 3. Nf3 Bg4 4. e3 Nbd7 5. h3 Bh5 6. g4 Bg6 7. Nh4 e5 8. Nxg6 hxg6 9. Be2 Bd6 10. c4 c6 11. Nc3 a6 12. Qc2 Qe7 13. Bf3 e4 14. Bg2 Ne5 15. cxd5 Nd3+ 16. Ke2 cxd5 17. f3 Rc8 18. fxe4 dxe4 19. Qb1 O-O 20. Nxe4 Nxe4 21. Qxd3 Ng3+ 22. Kd1 Nxh1 23. Bxh1 Be5 24. Bxe5 Qxe5 25. Rb1 Qh2 26. Bxb7 Rfd8 27. Qe2 Qxe2+ 28. Kxe2 Rc2 29. Bxa6 Rdxd2+ 30. Kf3 Rxa2 31. Bc4 1-0

[Event "January 2 Late 2024"]
[Site "https://www.chess.com"]
[Date "2024.01.02"]
[Round "8"]
[White "KSho99"]
[Black "Poddubnyi, Viktor"]
[Result "0-1"]
[Board "158"]
[TimeControl "180+1"]
[BlackFideId "4141989"]
[WhiteElo "2167"]
[BlackElo "2324"]
[BlackTeam "RUS"]
[WhiteClock "0:00:00"]
[BlackClock "0:00:51"]

1. Nf3 g6 2. d4 Bg7 3. e4 d6 4. Nc3 Nf6 5. Be2 c6 6. O-O O-O 7. h3 b5 8. a3 a6 9. Re1 Nbd7 10. Be3 e5 11. dxe5 dxe5 12. Qd6 Bb7 13. Rad1 Re8 14. Rd2 Bf8 15. Qd3 Qe7 16. Bg5 h6 17. Bh4 g5 18. Nxg5 hxg5 19. Bxg5 Qe6 20. Qg3 Bg7 21. Red1 Rad8 22. Rd6 Qe7 23. Bh6 Qf8 24. Qg5 Bc8 25. R1d3 Nh7 26. Qxg7+ Qxg7 27. Bxg7 Kxg7 28. Rg3+ Kf8 29. Rh6 Nhf6 0-1

[Event "January 2 Late 2024"]
[Site "https://www.chess.com"]
[Date "2024.01.02"]
[Round "8"]
[White "th3d4rkness"]
[Black "Kujawski, Adam"]
[Result "0-1"]
[Board "159"]
[TimeControl "180+1"]
[BlackFideId "1100920"]
[WhiteElo "2159"]
[BlackElo "2309"]
[BlackTeam "POL"]
[WhiteClock "0:00:04"]
[BlackClock "0:00:10"]

1. d4 d5 2. c4 e6 3. Nf3 Nf6 4. g3 Be7 5. Bg2 O-O 6. O-O c6 7. Nbd2 b6 8. Qc2 Bb7 9. e4 c5 10. e5 Ne4 11. cxd5 Nxd2 12. Bxd2 Bxd5 13. dxc5 Bxc5 14. Ng5 g6 15. Ne4 Be7 16. Bh6 Re8 17. Rfd1 Nc6 18. Nf6+ Bxf6 19. Bxd5 Nxe5 20. Bxe6 Qe7 21. Bd5 Rad8 22. Bg2 Rc8 23. Qa4 Ng4 24. Bf4 Qe2 25. Rf1 Rc2 26. h3 Nxf2 27. Rae1 Nxh3+ 0-1

[Event "January 2 Late 2024"]
[Site "https://www.chess.com"]
[Date "2024.01.02"]
[Round "8"]
[White "Novikova, Margarita"]
[Black "Silvestre, Christian"]
[Result "1-0"]
[Board "160"]
[TimeControl "180+1"]
[WhiteFideId "14109689"]
[BlackFideId "30956269"]
[WhiteElo "2156"]
[BlackElo "2306"]
[WhiteTeam "GER"]
[BlackTeam "USA"]
[WhiteClock "0:01:47"]
[BlackClock "0:01:39"]

1. e4 c5 2. Nc3 d6 3. d3 g6 4. g3 Bg7 5. Be3 Nf6 6. Qd2 h5 7. h4 Nc6 8. f3 a6 9. Nd1 b5 10. c3 b4 11. Bg2 Rb8 12. Ne2 bxc3 13. bxc3 Ne5 14. Nf2 Qa5 15. O-O O-O 16. Rab1 Be6 17. Ra1 Rb5 18. a4 Rb3 19. f4 Neg4 20. Nxg4 Nxg4 21. f5 Nxe3 22. Qxe3 Bd7 23. fxg6 fxg6 24. Rxf8+ Bxf8 25. Qg5 Be8 26. e5 Bf7 27. e6 Be8 28. Be4 c4 29. Qxa5 1-0

[Event "January 2 Late 2024"]
[Site "https://www.chess.com"]
[Date "2024.01.02"]
[Round "8"]
[White "Skaric, Djuro"]
[Black "Ivanov, Aleksandr"]
[Result "1-0"]
[Board "161"]
[TimeControl "180+1"]
[WhiteFideId "934569"]
[BlackFideId "2092980"]
[WhiteElo "2286"]
[BlackElo "2154"]
[WhiteTeam "SRB"]
[BlackTeam "USA"]
[WhiteClock "0:01:28"]
[BlackClock "0:00:00"]

1. g3 d5 2. Bg2 c5 3. d3 e5 4. Nf3 Nc6 5. O-O Nf6 6. Nc3 d4 7. Ne4 Nxe4 8. dxe4 Be7 9. h3 O-O 10. Ne1 Be6 11. f4 f6 12. f5 Bf7 13. Rf2 c4 14. Rf3 b5 15. Bf1 Qb6 16. Kg2 a5 17. g4 Bc5 18. h4 Kh8 19. Rg3 Rad8 20. Kh3 b4 21. Ng2 a4 22. b3 a3 23. Qe1 d3 24. exd3 Bf2 25. Qd1 Bxg3 26. Kxg3 cxd3 27. Bxd3 Nd4 28. Be3 Qc7 29. g5 Qc3 30. Ne1 Nxf5+ 31. exf5 e4 32. Rb1 exd3 33. cxd3 Rfe8 34. Kf2 Qe5 35. Qf3 Bh5 36. Qf4 Qc3 37. Rc1 Qb2+ 38. Rc2 Qb1 39. gxf6 gxf6 40. Qh6 Rxe3 41. Qxe3 1-0

[Event "January 2 Late 2024"]
[Site "https://www.chess.com"]
[Date "2024.01.02"]
[Round "8"]
[White "Smirnov, Timofey"]
[Black "Eggleston, Thomas A"]
[Result "0-1"]
[Board "162"]
[TimeControl "180+1"]
[WhiteFideId "24176427"]
[BlackFideId "412139"]
[WhiteElo "2002"]
[BlackElo "2280"]
[WhiteTeam "RUS"]
[BlackTeam "ENG"]
[WhiteClock "0:00:12"]
[BlackClock "0:00:44"]

1. d4 e6 2. Bf4 f5 3. e3 Nf6 4. Nf3 Be7 5. Nbd2 O-O 6. h3 d6 7. Be2 Nbd7 8. Rg1 Ne4 9. Nxe4 fxe4 10. Nd2 d5 11. c4 c5 12. cxd5 exd5 13. dxc5 Nxc5 14. Nb3 Nxb3 15. Qxb3 Qa5+ 16. Kf1 Be6 17. Qxb7 Bf6 18. Qc6 Bf7 19. Qc2 Rac8 20. Qb3 d4 21. g4 Bxb3 0-1

[Event "January 2 Late 2024"]
[Site "https://www.chess.com"]
[Date "2024.01.02"]
[Round "8"]
[White "Desideri, Ricardo Maruchi"]
[Black "Delgado Kuffo, Andres"]
[Result "0-1"]
[Board "163"]
[TimeControl "180+1"]
[WhiteFideId "2110440"]
[BlackFideId "3600475"]
[WhiteElo "1995"]
[BlackElo "2262"]
[WhiteTeam "BRA"]
[BlackTeam "ECU"]
[WhiteClock "0:00:19"]
[BlackClock "0:01:00"]

1. e4 c5 2. Nf3 a6 3. d4 cxd4 4. Nxd4 Nf6 5. Bd3 Nc6 6. Nb3 d5 7. exd5 Nxd5 8. O-O Ndb4 9. Bc4 Qxd1 10. Rxd1 Nxc2 11. Na3 Nxa1 12. Nxa1 Bf5 13. Bf4 e6 14. Nb3 Rd8 15. Re1 Bb4 16. Rc1 O-O 17. h3 Rc8 18. Nc2 Be7 19. Ne3 Bg6 20. Re1 Nb4 21. a3 Nc2 22. Nxc2 Rxc4 23. Ne3 Rxf4 0-1

[Event "January 2 Late 2024"]
[Site "https://www.chess.com"]
[Date "2024.01.02"]
[Round "8"]
[White "Bazzano, Sebastian"]
[Black "Alves Campelo, Danilo Cesar De L"]
[Result "1-0"]
[Board "164"]
[TimeControl "180+1"]
[WhiteFideId "104566"]
[BlackFideId "2123657"]
[WhiteElo "2283"]
[BlackElo "1954"]
[WhiteTeam "ARG"]
[BlackTeam "BRA"]
[WhiteClock "0:00:21"]
[BlackClock "0:00:00"]

1. d4 Nf6 2. Bf4 e6 3. e3 c5 4. c3 Nc6 5. Nd2 b6 6. Ngf3 Be7 7. h3 Bb7 8. Bd3 O-O 9. O-O Nd5 10. Bh2 f5 11. Re1 d6 12. Rc1 Nc7 13. e4 f4 14. d5 Ne5 15. Nxe5 dxe5 16. c4 exd5 17. exd5 Bf6 18. Qc2 h6 19. Bh7+ Kh8 20. Rcd1 Ne8 21. Ne4 Nd6 22. Bg6 Nxe4 23. Qxe4 Qd6 24. f3 a6 25. Kh1 b5 26. b3 Bc8 27. Qd3 Bd7 28. Be4 bxc4 29. bxc4 Rfb8 30. Rb1 Rxb1 31. Rxb1 Rb8 32. Bg1 Rxb1 33. Qxb1 Bd8 34. Qb7 Qe7 35. Qa7 Bc8 36. Bxc5 Qh4 37. Bf2 Qg5 38. c5 1-0

[Event "January 2 Late 2024"]
[Site "https://www.chess.com"]
[Date "2024.01.02"]
[Round "8"]
[White "hoshiboshi"]
[Black "Pepino, Enrico"]
[Result "0-1"]
[Board "165"]
[TimeControl "180+1"]
[BlackFideId "810908"]
[WhiteElo "2144"]
[BlackElo "2054"]
[BlackTeam "ITA"]
[WhiteClock "0:00:13"]
[BlackClock "0:00:37"]

1. e4 c5 2. Nf3 Nc6 3. Bb5 g6 4. O-O Bg7 5. Re1 e5 6. Bxc6 dxc6 7. d3 Bg4 8. h3 Bxf3 9. Qxf3 Qf6 10. Nd2 O-O-O 11. Qe3 Qe7 12. a4 Bh6 13. Qe2 Bxd2 14. Bxd2 f6 15. a5 Qd6 16. Be3 Ne7 17. f3 a6 18. Qf2 c4 19. Bc5 Qe6 20. Bxe7 Qxe7 21. dxc4 Rd4 22. b3 Rhd8 23. Qe3 Qd6 24. Re2 g5 25. Kf2 h5 26. Qc3 h4 27. c5 Qd7 28. Rae1 Kc7 29. Re3 Rd2+ 30. R1e2 Rd1 31. Re1 Rd2+ 32. R3e2 Rd1 33. Qb4 Kc8 34. Qc3 Kc7 35. Qb4 Kb8 36. Qc3 Kc8 37. Rxd1 Qxd1 38. Qe1 Qd4+ 39. Kf1 Qxc5 40. Rd2 Qxa5 41. Rxd8+ Qxd8 42. Ke2 Qd4 43. Qd2 Qxd2+ 44. Kxd2 b5 45. b4 Kc7 46. Kc3 Kb6 47. Kb3 c5 48. c3 cxb4 49. cxb4 a5 50. Ka3 axb4+ 51. Kxb4 Kc6 52. Kb3 Kc5 53. Kc3 b4+ 54. Kb3 Kb5 55. Kb2 Kc4 56. Kc2 Kd4 57. Kb3 Ke3 58. Kxb4 Kf2 59. Kc5 Kxg2 60. Kd6 Kxh3 61. Ke6 Kg3 62. Kxf6 h3 63. Kxe5 h2 64. Kf5 h1=Q 0-1